 Dungeon Crawl Stone Soup version 0.31.0-11-ge490571c62 (webtiles) character file.

Game seed: 4383601136371706936

38 qw the Shooter (level 3, -1/20 HPs)
             Began as a Deep Elf Hunter on Feb 4, 2024.
             Slain by a gnoll
             ... wielding a +0 halberd
              (15 damage)
             ... on level 2 of the Dungeon.
             The game lasted 00:00:03 (885 turns).

qw the Shooter (Deep Elf Hunter)                     Turns: 885, Time: 00:00:03

Health: -1/20      AC:  3    Str: 10    XL:     3   Next: 25%
Magic:  5/5        EV: 12    Int: 13    God:
Gold:   112        SH:  0    Dex: 18    Spells: 2/2 levels left

rFire   . . .        a - +0 shortbow
rCold   . . .        (shield currently unavailable)
rNeg    . . .        c - +0 leather armour
rPois   .            (no helmet)
rElec   .            (no cloak)
rCorr   .            (no gloves)
SInv    .            (no boots)
Will    .....        (no amulet)
Stlth   ++           (no ring)
HPRegen 0.23/turn    (no ring)
MPRegen 0.09/turn

%: no passive effects
@: no status effects
A: no striking features
a: no special abilities


You were on level 2 of the Dungeon.
You visited 1 branch of the dungeon, and saw 2 of its levels.

You collected 112 gold pieces.


   Skills:
 - Level 1.5 Fighting
 + Level 6.8 Ranged Weapons
 - Level 2.4 Dodging
 - Level 1.2 Stealth


You had 2 spell levels left.
You didn't know any spells.
Your spell library was empty.

Inventory:

Hand Weapons
 a - a +0 shortbow (weapon)
Armour
 c - a +0 leather armour (worn)
Jewellery
 d - a ring of protection from fire
Scrolls
 b - a scroll of identify {unknown}

Dungeon Overview and Level Annotations

Branches:
Dungeon (2/15)

Altars:


Message History

The bat closely misses you. The bat barely misses you.
You shoot an arrow. The arrow closely misses the bat.
The bat hits you but does no damage.
You shoot an arrow. The arrow hits the bat.
You kill the bat!
b - a scroll labelled TOINIE ISUOK
Found an escape hatch in the ceiling.
A quokka comes into view.
You shoot an arrow. The arrow hits the quokka!
You kill the quokka!
Found a stone staircase leading down.
d - a +1 sling of flaming
851 ||| DROPPING +1 sling of flaming.
You drop a +1 sling of flaming.
You now have 112 gold pieces (gained 3).
Found a stone staircase leading down.
There is a stone staircase leading down here.
Found a stone staircase leading up.
Enter note: You see here a +3 hand axe.
d - a ring of protection from fire 2 gnolls come into view.
Found a leather armour.
You shoot an arrow. The arrow hits the gnoll.
The gnoll shouts!
The gnoll is lightly wounded.
You shoot an arrow. The arrow barely misses the gnoll.
A gnoll comes into view. It is wielding a +0 halberd.
Enter note:
Enter note:
883 ||| RETREEEEATING.
You shoot an arrow. The arrow hits the gnoll.
The gnoll is moderately wounded.
You hear a shout!
The gnoll hits you with a +0 club.
You shoot an arrow. The arrow hits the gnoll.
The gnoll is severely wounded.
The gnoll closely misses you.
The gnoll hits you from afar with a +0 halberd!
Ouch! That really hurt!
You die...

... #...## #.. .. .
##<... . #.# #....##.#
#..#. .. ... .
#...#..##.##. ... #.#.#
#.#..#.##.... ....###.#.
##..#.#...>... ........
.......###....
#...######....##.....
#.g@...<............
#....g####........#.....
#..##. ###.......>....##
... g.........)#...#...#
# #[g####.....#...#.#.#
..# #######...#.#.. ...
......### ..# ##...#..
##.##.##


You could see 2 gnolls.

Vanquished Creatures
  A gnoll (D:1)
  A dart slug (D:1)
  3 bats
  4 endoplasms (D:1)
  2 goblins
  5 hobgoblins
  2 quokkas
  2 ball pythons (D:1)
  A frilled lizard (D:1)
  2 kobolds (D:1)
  2 rats (D:1)
25 creatures vanquished.

Notes
Turn   | Place    | Note
-------+----------+-------------------------------------------
     0 | D:1      | qw the Deep Elf Hunter began the quest for the Orb.
     0 | D:1      | Reached XP level 1. HP: 12/12 MP: 3/3
     0 | D:1      | 0 ||| qw: Version: 0.3-a-160-g6735b56
     0 | D:1      | 0 ||| qw: Game counter: 4357
     0 | D:1      | 0 ||| qw: Melee chars always use a shield: true
     0 | D:1      | 0 ||| qw: God list: Okawaru
     0 | D:1      | 0 ||| qw: Allow faded altars: false
     0 | D:1      | 0 ||| qw: Do Orc after clearing Dungeon:15 true
     0 | D:1      | 0 ||| qw: Do second Lair branch before Depths: true
     0 | D:1      | 0 ||| qw: Lair rune preference: random
     0 | D:1      | 0 ||| qw: Goals: Normal
     0 | D:1      | 0 ||| PLANNING D:1-11
    90 | D:1      | Reached XP level 2. HP: 16/16 MP: 4/4
   183 | D:1      | Reached skill level 6 in Ranged Weapons
   244 | D:1      | Found a faded altar of an unknown god.
   392 | D:1      | Reached XP level 3. HP: 19/20 MP: 5/5
   652 | D:1      | 652 ||| READING scroll labelled JEXZUMEDORA.
   657 | D:1      | 657 ||| READING scroll labelled WURASA SOLUNE.
   658 | D:1      | 658 ||| READING scroll labelled SEWETA HUCZA.
   659 | D:1      | 659 ||| READING 6 scrolls labelled CIUTIT NEIPHUC.
   660 | D:1      | 660 ||| READING scroll labelled YZAUQU PIDETOD.
   661 | D:1      | 661 ||| READING scroll labelled VYURINKOMP.
   762 | D:1      | 762 ||| DRINKING 2 glowing black potions.
   790 | D:1      | 790 ||| DROPPING scroll of butterflies.
   791 | D:1      | 791 ||| DROPPING 5 scrolls of fog.
   792 | D:1      | 792 ||| DROPPING potion of lignification.
   851 | D:2      | 851 ||| DROPPING +1 sling of flaming.
   883 | D:2      | 883 ||| RETREEEEATING.
   885 | D:2      | Slain by a gnoll

Levels and vault maps discovered:
D:1:      dpeg_arrival_rooms_with_view, layout_basic,
          dreamdust_ecumenical_altar_statues
D:2:      layout_rooms

Skill      XL: |  1  2 |
---------------+-------+-----
Ranged Weapons | 6 |  6.8
Fighting       | |  1.5
Dodging        | |  2.4
Stealth        | |  1.2

Action                     || total
---------------------------++-------
   Fire: Shortbow          ||    69
    Use: Scroll            ||     6
         Potion            ||     1
 Armour: Leather armour    ||     9
  Dodge: Dodged            ||    20

Table legend:
 A = Non-vault XP
 B = Vault XP
 C = Vault XP percentage of total XP
 D = Non-vault monster count
 E = Vault monster count
 F = Vault count percentage of total count
                 A         B        C        D         E       F
            +---------+---------+-------+---------+---------+-------
      Total |      51 |       4 |   7.3 |      23 |       2 |   8.0
            +---------+---------+-------+---------+---------+-------
        D:1 |      45 |       4 |   8.2 |      19 |       2 |   9.5
        D:2 |       6 |       0 |   0.0 |       4 |       0 |   0.0
            +---------+---------+-------+---------+---------+-------
